 Dungeon Crawl Stone Soup version 0.30.1-4-g462c640d31 (webtiles) character file.

Game seed: 7968224398148135619

16606 safid the Frost Mage (level 12, -5/95 (101) HPs)
             Began as a Merfolk Ice Elementalist on Aug 14, 2023.
             Was a Believer of Vehumet.
             Slain by a large abomination (13 damage)
             ... on level 2 of the Abyss on Aug 15, 2023.
             The game lasted 00:26:18 (14446 turns).

safid the Frost Mage (Merfolk Ice Elementalist)    Turns: 14446, Time: 00:26:19

HP:   -5/95 (101)   AC: 16    Str: 13    XL:     12   Next: 39%
MP:   26/26         EV: 17    Int: 20    God:    Vehumet [**....]
Gold: 784           SH:  0    Dex: 19    Spells: 22/31 levels left

rFire   + . .        n - +2 whip (elec)
rCold   . . .        (no shield)
rNeg    + . .        N - +4 robe of Augmentation {Str+4 Int+4 Dex+4}
rPois   +            r - +0 helmet
rElec   .            (no cloak)
rCorr   .            D - +2 pair of gloves
SInv    .            C - +1 pair of boots
Will    .....        (no amulet)
Stlth   ++           G - ring "Woufueh" {rPois rF+ AC+4 Int-2}
HPRegen 0.00/turn    a - ring of positive energy
MPRegen 0.20/turn

%: no passive effects
@: sick, drained
A: (nimble swimmer 2), mertail
a: Renounce Religion


You were on level 2 of the Abyss.
You worshipped Vehumet.
Vehumet was pleased with you.
You visited 3 branches of the dungeon, and saw 13 of its levels.
You visited the Abyss 1 time.

You collected 784 gold pieces.

Inventory:

Hand Weapons
 n - a +2 whip of electrocution (weapon)
 s - a +0 triple sword
Missiles
 t - a throwing net
 y - 2 curare-tipped darts
Armour
 r - a +0 helmet (worn)
 A - a +2 robe of cold resistance
 C - a +1 pair of boots (worn)
 D - a +2 pair of gloves (worn)
 I - the +3 hat of Pondering {ponderous, Will+ MP+10 Int+5}
   (You took it off Gastronok on level 10 of the Dungeon)

   Int:       It affects your intelligence (+5).
   MP:        It affects your magic capacity (+10).
   Will:      It increases your willpower.
 N - the +4 robe of Augmentation (worn) {Str+4 Int+4 Dex+4}
   (You found it on level 1 of the Lair of Beasts)

   Str:       It affects your strength (+4).
   Int:       It affects your intelligence (+4).
   Dex:       It affects your dexterity (+4).
Jewellery
 a - a ring of positive energy (right hand)
 u - a ring of ice
 G - the ring "Woufueh" (left hand) {rPois rF+ AC+4 Int-2}
   (You found it on level 9 of the Dungeon)

   [ring of protection]

   AC:        It affects your AC (+4).
   Int:       It affects your intelligence (-2).
   rF:        It protects you from fire.
   rPois:     It protects you from poison.
 K - a ring of protection from fire
Wands
 l - a wand of mindburst (6)
 w - a wand of digging (1)
 x - a wand of acid (4)
 F - a wand of roots (8)
 L - a wand of charming (5)
Scrolls
 e - 2 scrolls of fear
 f - a scroll of blinking
 j - a scroll of magic mapping {unknown}
 o - 2 scrolls of fog {unknown}
 v - a scroll of acquirement {unknown}
 J - a scroll of enchant armour {unknown}
Potions
 b - a potion of magic
 c - a potion of curing
 d - 3 potions of flight
 g - 4 potions of cancellation
 h - 2 potions of invisibility
 i - 3 potions of might {unknown}
 m - 3 potions of attraction {unknown}
 p - 5 potions of heal wounds {unknown}
 q - 9 potions of ambrosia
 z - a potion of mutation {unknown}
 B - 4 potions of degeneration {unknown}
 E - a potion of resistance {unknown}
 H - 2 potions of lignification {unknown}
 M - a potion of brilliance {unknown}


   Skills:
 + Level 11.7 Fighting
 + Level 7.6 Dodging
 - Level 2.1 Stealth
 - Level 10.0 Spellcasting
 + Level 4.3 Translocations
 + Level 12.5 Ice Magic


You had 22 spell levels left.
You knew the following spells:

 Your Spells              Type           Power      Damage    Failure   Level
a - Freeze                Ice            100%       1d10      1%          1
b - Frozen Ramparts       Ice            100%       1d16      1%          3
c - Ozocubu's Armour      Ice            57%        N/A       1%          3
d - Blink                 Tloc           54%        N/A       1%          2

Your spell library contained the following spells:

 Spells                   Type           Power      Damage    Failure   Level
 Kiss of Death            Conj/Necr      40%        2d8       7%          1
 Ensorcelled Hibernation  Hex/Ice        70%        N/A       1%          2
 Summon Ice Beast         Ice/Summ       35%        N/A       5%          4
 Foxfire                  Conj/Fire      40%        2x1d6     7%          1
 Necrotise                Necr           40%        1d6       7%          1
 Sandblast                Erth           20%        2d7       7%          1
 Summon Small Mammal      Summ           40%        N/A       7%          1
 Passwall                 Tmut/Erth      8%         N/A       11%         2
 Manifold Assault         Tloc           27%        N/A       12%         4
 Call Canine Familiar     Summ           10%        N/A       21%         3
 Ignite Poison            Fire/Tmut/Pois 10%        N/A       21%         3
 Stone Arrow              Conj/Erth      20%        3d8       21%         3
 Summon Guardian Golem    Hex/Summ       10%        N/A       21%         3
 Swiftness                Air            10%        N/A       21%         3
 Vampiric Draining        Necr           10%        2d6       21%         3
 Animate Armour           Summ/Erth      20%        N/A       56%         4
 Sticky Flame             Conj/Fire      10%        2d3       56%         4
 Agony                    Necr           10%        N/A       88%         5
 Summon Mana Viper        Hex/Summ       10%        N/A       88%         5
 Starburst                Conj/Fire      5%         6d4       100%        6
 Haunt                    Necr/Summ      5%         N/A       100%        7
 Monstrous Menagerie      Summ           5%         N/A       100%        7
 Storm Form               Tmut/Air       5%         N/A       100%        7
 Ignition                 Fire           5%         3d4       100%        8


Dungeon Overview and Level Annotations

Branches:
Dungeon (10/15)            Temple (1/1) D:7            Lair (2/5) D:8
  Swamp: Lair:2-3    Shoals: Lair:2-3     Snake: Lair:2-3    Spider: Lair:2-3
    Orc: D:9-12

Altars:
Elyvilon
Fedhas
Hepliaklqana
Nemelex Xobeh
Okawaru
Qazlal
Ru
Sif Muna
Trog
Vehumet
Wu Jian
Zin
The Shining One

Annotations:
D:3 1 runed translucent door, Crazy Yiuf
D:7 3 runed translucent doors, Jingleheimer's ghost, novice OpTm; jujuben's ghost, novice HOFi; morofud's ghost, novice AtFi
Lair:2 Sonja


Innate Abilities, Weirdness & Mutations

((You are very nimble when in or above water. (Stealth+, EV+, Speed+++)))
Your lower body shifts to a powerful aquatic tail in water.


Message History

The ancient zyme is heavily damaged.
You are suddenly pulled into a different region of the Abyss!
Your icy armour cracks and falls away as you move.
You are suddenly pulled into a different region of the Abyss!
You start resting.
A neqoxec comes into view.
The neqoxec shouts!
Found a gateway leading deeper into the Abyss.
There is a gateway leading deeper into the Abyss here.
Unknown command.
The neqoxec gestures at you.
Something tries to feed on your intellect!
You plunge deeper into the Abyss.
Found a corrupted altar of Lugonu.
Unknown command.
You start resting.
A large abomination emerges from the beyond.
Unknown command.
A large abomination comes into view.
Found a gateway leading deeper into the Abyss.
An orc sorcerer comes into view. It is wielding a +0 dagger.
The orc sorcerer shouts!
The orc sorcerer casts a spell at you. The bolt of fire misses you.
A small abomination comes into view.
The orc sorcerer howls an incantation.
You feel troubled.
The orc sorcerer attacks as you move away!
The orc sorcerer barely misses you.
The orc sorcerer casts a spell.
The sixfirhy hits you but does no damage.
The sixfirhy barely misses you. The sixfirhy hits you.
* * * LOW HITPOINT WARNING * * *
The sixfirhy shocks you!
* * * LOW HITPOINT WARNING * * *
The sixfirhy closely misses you.
The large abomination completely misses you.
The large abomination attacks as you move away!
The large abomination hits you!
You die...

##...### ##
##....... .#
#.......## .#
..........#.#
...... #..# #
..# ..###..#.#
#...###.##X....#
#...@X.3..#.
....
#....#.#.#o.##
....# .#.
..###x..... ..#
.... ........#
..# .....
.###......# ##
..#### ..####..
# ##.. . ####


You could see 2 large abominations, a sixfirhy (summoned), an orc sorcerer and a
small abomination.

Vanquished Creatures
  Gastronok (D:10)
  Erica (D:10)
  3 two-headed ogres
  Pikel (D:4)
  2 smoke demons (Abyss:1)
  2 cane toads (Lair:1)
  Maggie (D:10)
  2 komodo dragons
  A rime drake (Lair:1)
  A queen bee (Lair:2)
  2 trolls
  Grinder (D:5)
  5 blink frogs (Lair:1)
  Sigmund (D:5)
  Eustachio (D:4)
  A wraith (D:8)
  19 yaks
  A steam dragon (D:9)
  Menkaure (D:4)
  4 vampire mosquitoes (D:7)
  Edmund (D:5)
  3 water moccasins
  2 orc warriors
  2 ogres
  2 black bears
  5 centaurs
  A lemure (D:4)
  4 kobold brigands
  6 bullfrogs
  A gnoll sergeant (D:10)
  6 scorpions
  8 wights (D:7)
  30 killer bees
  4 hounds
  2 orc priests (D:5)
  2 jellies
  A sleepcap (D:7)
  Ijyb (D:4)
  3 iguanas
  5 orc wizards
  Natasha (twice) (D:2)
  Robin (D:3)
  4 gnolls (D:10)
  5 adders
  A worm (D:3)
  2 dart slugs
  14 orcs
  6 ball pythons
  3 bats (D:1)
  7 endoplasms
  3 giant cockroaches
  14 goblins
  17 hobgoblins
  3 jackals (D:4)
  3 quokkas
  2 frilled lizards (D:1)
  25 kobolds
  4 rats
256 creatures vanquished.

Vanquished Creatures (others)
  A sixfirhy (Abyss:1)
1 creature vanquished.

Grand Total: 257 creatures vanquished

Notes
Turn   | Place    | Note
-------+----------+-------------------------------------------
     0 | D:1      | safid the Merfolk Ice Elementalist began the quest for the
                  | Orb.
     0 | D:1      | Reached XP level 1. HP: 13/13 MP: 3/3
   100 | D:1      | Reached XP level 2. HP: 13/20 MP: 1/5
   267 | D:1      | Reached skill level 1 in Fighting
   467 | D:1      | Found a faded altar of an unknown god.
   953 | D:1      | Reached XP level 3. HP: 25/26 MP: 6/6
   990 | D:2      | Learned a level 3 spell: Frozen Ramparts
  1145 | D:2      | Learned a level 3 spell: Ozocubu's Armour
  1360 | D:2      | Noticed Natasha
  1368 | D:2      | Killed Natasha
  1369 | D:2      | Reached skill level 5 in Ice Magic
  1369 | D:2      | Reached XP level 4. HP: 11/33 MP: 5/8
  1384 | D:2      | Noticed Natasha
  1397 | D:2      | Killed Natasha
  1635 | D:3      | Found a shimmering blue altar of Sif Muna.
  1718 | D:3      | Noticed Robin
  1737 | D:3      | Reached XP level 5. HP: 32/39 MP: 0/9
  1737 | D:3      | Killed Robin
  1988 | D:3      | Found a bloodstained altar of Trog.
  2503 | D:3      | Found a runed translucent door.
  2504 | D:3      | Noticed Crazy Yiuf
  2846 | D:4      | Noticed a black bear
  2859 | D:4      | Killed a black bear
  2860 | D:4      | Reached XP level 6. HP: 47/47 MP: 3/11
  2936 | D:4      | Noticed Menkaure
  2945 | D:4      | Killed Menkaure
  2946 | D:4      | Reached skill level 6 in Ice Magic
  3139 | D:4      | Noticed Pikel
  3148 | D:4      | Killed Pikel
  3149 | D:4      | Reached skill level 5 in Fighting
  3149 | D:4      | Reached skill level 7 in Ice Magic
  3149 | D:4      | Reached XP level 7. HP: 49/56 MP: 6/14
  3149 | D:4      | Reached XP level 8. HP: 55/62 MP: 6/15
  3449 | D:4      | Noticed Eustachio
  3486 | D:4      | Killed Eustachio
  3487 | D:4      | Reached skill level 5 in Spellcasting
  3563 | D:4      | Noticed Ijyb
  3573 | D:4      | Killed Ijyb
  3938 | D:5      | Entered Level 5 of the Dungeon
  3945 | D:5      | Noticed Edmund
  3958 | D:5      | Killed Edmund
  4488 | D:5      | Noticed Sigmund
  4604 | D:5      | Reached skill level 8 in Ice Magic
  4627 | D:5      | Killed Sigmund
  4866 | D:5      | Reached XP level 9. HP: 70/71 MP: 12/18
  5066 | D:5      | Noticed Grinder
  5086 | D:5      | Killed Grinder
  6469 | D:6      | Reached skill level 9 in Ice Magic
  6904 | D:6      | Got Woasun's Compilation of Dynamic Invitation
  7632 | D:7      | Found a runed translucent gate.
  7633 | D:7      | Found a runed translucent gate.
  7648 | D:7      | Found a staircase to the Ecumenical Temple.
  7651 | D:7      | Found a runed translucent gate.
  7656 | D:7      | Noticed morofud's ghost (novice AtFi)
  7656 | D:7      | Noticed jujuben's ghost (novice HOFi)
  7657 | D:7      | Noticed Jingleheimer's ghost (novice OpTm)
  7800 | D:7      | Reached XP level 10. HP: 64/82 MP: 14/21
  7949 | D:7      | Reached skill level 10 in Ice Magic
  8728 | D:8      | Noticed a two-headed ogre
  8740 | D:8      | Killed a two-headed ogre
  9181 | D:8      | Found a staircase to the Lair.
  9997 | D:9      | Reached skill level 10 in Fighting
  9997 | D:9      | Reached skill level 11 in Ice Magic
 10105 | Temple   | Entered the Ecumenical Temple
 10275 | Temple   | Became a worshipper of Vehumet
 10414 | D:9      | Learned a level 2 spell: Blink
 10529 | D:9      | Reached XP level 11. HP: 91/91 MP: 17/23
 10701 | D:9      | Reached skill level 1 in Translocations
 10895 | D:9      | Identified the ring "Woufueh" {rPois rF+ AC+4 Int-2}
 10945 | D:9      | Noticed a two-headed ogre
 10964 | D:9      | Killed a two-headed ogre
 11264 | D:10     | Entered Level 10 of the Dungeon
 11349 | D:10     | Noticed Erica
 11611 | D:10     | Noticed a two-headed ogre
 11620 | D:10     | Killed a two-headed ogre
 11816 | D:10     | Noticed Maggie
 11832 | D:10     | Killed Maggie
 11832 | D:10     | Reached * piety under Vehumet
 11832 | D:10     | Offered knowledge of Magic Dart by Vehumet.
 11879 | D:10     | Noticed Gastronok
 11902 | D:10     | Killed Gastronok
 11903 | D:10     | Reached skill level 5 in Dodging
 12103 | D:10     | Identified the +0 chain mail "Konoluj" {Fly Regen+ Str-4
                  | Stlth+}
 12201 | D:10     | Killed Erica
 12613 | Lair:1   | Entered Level 1 of the Lair of Beasts
 12669 | Lair:1   | Reached skill level 12 in Ice Magic
 12769 | Lair:1   | Found a bloodstained altar of Trog.
 12821 | Lair:1   | Reached XP level 12. HP: 55/100 MP: 23/25
 13575 | Lair:1   | Found the +4 robe of Augmentation {Str+4 Int+4 Dex+4}
 13785 | Lair:2   | Reached skill level 10 in Spellcasting
 13789 | Lair:2   | Reached ** piety under Vehumet
 13791 | Lair:2   | Offered knowledge of Kiss of Death by Vehumet.
 13956 | Lair:2   | Noticed Sonja
 13960 | Abyss:1  | Cast into level 1 of the Abyss (Sonja)
 14004 | Abyss:1  | Found a burning altar of Makhleb.
 14005 | Abyss:1  | Found a corrupted altar of Lugonu.
 14020 | Abyss:1  | Noticed a thrashing horror
 14023 | Abyss:1  | Noticed a revenant
 14052 | Abyss:1  | Noticed a spectral spriggan defender
 14054 | Abyss:1  | Noticed a starcursed mass
 14274 | Abyss:1  | Noticed a starcursed mass
 14275 | Abyss:1  | Noticed a starcursed mass
 14360 | Abyss:2  | Found a corrupted altar of Lugonu.
 14419 | Abyss:2  | Noticed a large abomination
 14446 | Abyss:2  | Slain by a large abomination

Illustrated notes

Levels and vault maps discovered:
D:1:      dreamdust_arrival_sigmund_warning, layout_loops_ring,
          shapermc_ecumenical_altar_flowoftime, chequers_serial_rivers_micro_a,
          chequers_serial_rivers_small_b, minmay_splitting_lines,
          nicolae_kite_square_tiling_tiny, minmay_misc_feat_columns
D:2:      layout_rooms, hex_tiny, chequers_garden, uniq_natasha
D:3:      layout_basic, trog_hazing_becter, mainiacjoe_overflow_six_doors_small,
          st_stairs_5, uniq_robin, uniq_crazy_yiuf_cottage
D:4:      layout_loops_corners, uniq_pikel, uniq_menkaure, uniq_ijyb,
          uniq_eustachio
D:5:      layout_layer_cave, chequers_decorated_corner, uniq_sigmund,
          uniq_edmund, uniq_grinder
D:6:      layout_cave_pods, hangedman_decor_riveting, corner_web_ring
D:7:      layout_gridville, temple_doors_e, gammafunk_ghost_cemetery,
          hangedman_decor_diamond_cutter
D:8:      layout_loops_ring, david_lair_shrubbed
D:9:      layout_long_grid, nicolae_concentric_dashed_squares_wild,
          kennysheep_generic_room_9
D:10:     layout_stronghold, uniq_erica, uniq_maggie, uniq_gastronok
Temple:   mainiacjoe_temple_cubbyholes
Lair:1:   layout_gridlike, basic_altar, lemuel_fruit_fields
Lair:2:   layout_loops_ring, special_room [special_room_bee], uniq_sonja
Abyss:2:  base:
D:8

Skill      XL: |  1  2  3  4  5  6  7  8  9 10 11 12 |
---------------+-------------------------------------+-----
Fighting       | 1 2 3 5 6 8 10 11 | 11.7
Ice Magic      | 5 7 8 9 11 12 | 12.5
Spellcasting   | 3 4 6 7 8 9 10 | 10.0
Dodging        | 3 6 7 |  7.6
Translocations | 3 4 |  4.3
Stealth        | |  2.1

Action                     |  1- 3 |  4- 6 |  7- 9 | 10-12 || total
---------------------------+-------+-------+-------+-------++-------
  Melee: Whip              |    66 |   103 |   163 |   261 ||   593
         Punch             |     1 |       |     3 |     4 ||     8
         Tailslap          |       |     3 |       |       ||     3
   Cast: Freeze            |    29 |       |     7 |    48 ||    84
         Frozen Ramparts   |       |     6 |    31 |    57 ||    94
         Ozocubu's Armour  |       |     6 |    29 |    41 ||    76
    Use: Potion            |       |       |     1 |     2 ||     3
         Scroll            |       |       |     6 |     5 ||    11
   Stab: Sleeping          |     2 |     3 |     3 |     1 ||     9
 Armour: Robe              |    15 |    26 |    80 |   226 ||   347
  Dodge: Dodged            |    71 |    75 |   143 |   347 ||   636
